 Dungeon Crawl Stone Soup version 0.26.1-11-gd32895ea62 (webtiles) character file.

Game seed: 2868018155938907370

583 Descartes the Conjurer (level 7, -8/36 HPs)
             Began as a Deep Elf Hedge Wizard on May 30, 2021.
             Was an Initiate of Gozag.
             Killed by divine providence
             ... invoked by an orc priest
              (13 damage)
             ... on level 4 of the Dungeon.
             The game lasted 00:07:39 (5266 turns).

Descartes the Conjurer (Deep Elf Hedge Wizard)      Turns: 5266, Time: 00:07:40

Health: -8/36      AC:  8    Str: 13    XL:     7   Next: 14%
Magic:  11/18      EV: 13    Int: 21    God:    Gozag
Gold:   403        SH:  0    Dex: 14    Spells: 17/18 levels left

rFire    . . .     SeeInvis .   d - +0 falchion
rCold    x . .     Faith    .   (no shield)
rNeg     . . .     Spirit   .   l - +2 robe {Will+}
rPois    .         Reflect  .   c - +1 hat
rElec    +         Harm     .   (no cloak)
rCorr    .         Rampage  .   t - +2 pair of gloves of Calculation {rElec rC- Str+6}
Will     +....                  (no boots)
Stlth    ++........             (no amulet)
HPRegen  0.12/turn              (no ring)
MPRegen  0.16/turn              (no ring)

@: gold aura
A: no striking features
a: Renounce Religion, Potion Petition, Call Merchant, Bribe Branch


You were on level 4 of the Dungeon.
You worshipped Gozag.
Gozag was aware of your devotion.
You visited 1 branch of the dungeon, and saw 4 of its levels.

You collected 426 gold pieces.
You paid 23 gold pieces to Gozag.

Inventory:

Hand Weapons
 d - a +0 falchion (weapon)
Armour
 b - a +0 robe
 c - a +1 hat (worn)
 e - a +0 pair of gloves
 l - a +2 robe of willpower (worn)
 t - the +2 pair of gloves of Calculation (worn) {rElec rC- Str+6}
   (You found it on level 4 of the Dungeon)

   It affects your strength (+6).
   It makes you vulnerable to cold.
   It insulates you from electricity.
Jewellery
 q - an uncursed ring of flight {unknown}
Wands
 r - a wand of paralysis (10)
 s - a wand of random effects (28)
Scrolls
 f - 2 scrolls of teleportation {unknown}
 g - 2 scrolls of fog {unknown}
 h - 6 scrolls of identify {unknown}
 i - a scroll of enchant armour
 j - 2 scrolls of remove curse {unknown}
 k - 2 scrolls of blinking {unknown}
 m - a scroll of magic mapping {unknown}
 o - 2 scrolls of amnesia {unknown}
Potions
 a - 3 potions of curing {unknown}
 n - a potion of degeneration {unknown}
 p - a potion of mutation {unknown}
 u - a potion of brilliance {unknown}


   Skills:
 - Level 2.4 Dodging
 - Level 2.4 Stealth
 - Level 6.0 Spellcasting
 + Level 7.7 Conjurations
 - Level 1.1 Summonings
 - Level 1.1 Translocations


You had 17 spell levels left.
You knew the following spells:

 Your Spells              Type           Power        Failure   Level
a - Magic Dart            Conj           100%         1%          1

Your spell library contained the following spells:

 Spells                   Type           Power        Failure   Level
 Conjure Flame            Conj/Fire      22%          6%          3
 Blink                    Tloc           N/A          10%         2
 Call Imp                 Summ           10%          10%         2
 Mephitic Cloud           Conj/Pois/Air  17%          10%         3
 Slow                     Hex            6%           14%         2


Dungeon Overview and Level Annotations

Branches:
Dungeon (4/15)
 Temple: D:4-7

Altars:
Ashenzari
Gozag
Trog


Message History

Confirm with . or Enter, or press ? or * to list all spells.
Aiming: Magic Dart (safe; 1% risk of failure)
Press: ? - help, Shift-Dir - straight line, f/p - orc priest
Aim: an orc priest, wielding a +0 war axe (heavily wounded, 0% to evade)
The magic dart hits the orc priest.
The orc priest is severely wounded.
The orc priest calls down the wrath of Beogh upon you.
Beogh smites you!
* * * LOW HITPOINT WARNING * * *
Casting: Magic Dart (safe; 1% risk of failure)
Confirm with . or Enter, or press ? or * to list all spells.
Aiming: Magic Dart (safe; 1% risk of failure)
Press: ? - help, Shift-Dir - straight line, f/p - orc priest
Aim: an orc priest, wielding a +0 war axe (severely wounded, 0% to evade)
The magic dart hits the orc priest.
The orc priest is almost dead.
The orc priest mumbles some strange prayers to Beogh against you.
Beogh smites you!
You die...
Your body crumbles into a pile of gold.

#.... #.......<.#.#.# #...#
#########.o_..# #...# ###(###
#...## #.# #....##### #..
##.)..[...#### ....
.............### ......
.....######....#####.$..._....
.....# ###...@..o...... .....#
##........## .....##
##....#### ......# ##.### #..
.###...# ### #.. ## #...# #..
# #... #.. # #..## # #..#


You could see an orc priest.

Vanquished Creatures
  An ogre (D:4)
  Blork the orc (D:4)
  2 scorpions (D:4)
  A howler monkey (D:4)
  A hound (D:4)
  Terence (D:2)
  Natasha (D:2)
  An orc wizard (D:3)
  2 worker ants
  5 adders
  An ooze (D:2)
  4 worms
  A dart slug (D:2)
  A leopard gecko (D:1)
  7 orcs
  2 giant cockroaches
  4 hobgoblins
  12 jackals
  5 bats
  4 frilled lizards
  8 goblins
  8 kobolds
  A leopard gecko skeleton (D:4)
  7 rats
81 creatures vanquished.

Notes
Turn   | Place    | Note
-------+----------+-------------------------------------------
     0 | D:1      | Descartes the Deep Elf Hedge Wizard began the quest for the
                  | Orb.
     0 | D:1      | Reached XP level 1. HP: 10/10 MP: 7/7
   296 | D:1      | Reached XP level 2. HP: 15/15 MP: 0/9
   604 | D:1      | Reached skill level 2 in Conjurations
   842 | D:1      | Reached skill level 5 in Spellcasting
  1209 | D:2      | Reached XP level 3. HP: 8/19 MP: 1/11
  2030 | D:2      | Reached skill level 3 in Conjurations
  2128 | D:2      | Found an opulent altar of Gozag.
  2136 | D:2      | Became a worshipper of Gozag Ym Sagoz the Greedy
  2337 | D:2      | Noticed Terence
  2362 | D:2      | Killed Terence
  2363 | D:2      | Reached XP level 4. HP: 24/24 MP: 1/13
  2572 | D:2      | Noticed Natasha
  2582 | D:2      | Killed Natasha
  3010 | D:3      | Reached skill level 4 in Conjurations
  3056 | D:3      | Reached XP level 5. HP: 5/28 MP: 4/15
  4120 | D:4      | Found a broken altar of Ashenzari.
  4129 | D:4      | Reached skill level 5 in Conjurations
  4304 | D:4      | Found a bloodstained altar of Trog.
  4305 | D:4      | Noticed Blork the orc
  4321 | D:3      | Reached XP level 6. HP: 29/32 MP: 7/17
  4462 | D:4      | Reached skill level 6 in Conjurations
  4730 | D:4      | Got a pair of faintly humming gloves
  4741 | D:4      | Identified the +2 pair of gloves of Calculation {rElec rC-
                  | Str+6} (You found it on level 4 of the Dungeon)
  4860 | D:4      | Reached skill level 7 in Conjurations
  5118 | D:4      | Reached XP level 7. HP: 36/36 MP: 12/18
  5137 | D:4      | Killed Blork the orc
  5266 | D:4      | Killed from afar by an orc priest

Illustrated notes

Levels and vault maps discovered:
D:1:      dpeg_arrival_more_subterranean_lakeside_camping, layout_loops_ring
D:2:      layout_basic, grunt_gozag_breadcrumbs, uniq_natasha, uniq_terence
D:3:      layout_rooms
D:4:      layout_layer_cave, bloody_trog, ashenzari_altar_1, uniq_pikel,
          uniq_blork_the_orc

Skill      XL: |  1  2  3  4  5  6 |
---------------+-------------------+-----
Conjurations   | 2 3 4 5 7 |  7.7
Spellcasting   | 5 6 |  6.0
Dodging        | |  2.4
Stealth        | |  2.4
Summonings     | |  1.1
Translocations | |  1.1

Action                   |  1- 3 |  4- 6 |  7- 9 || total
-------------------------+-------+-------+-------++-------
Melee: Dagger            |    15 |     8 |       ||    23
       Falchion          |       |    11 |       ||    11
 Cast: Magic Dart        |   112 |   161 |    19 ||   292
  Use: Scroll            |     1 |       |       ||     1
       Potion            |     1 |       |       ||     1
Armor: Robe              |     8 |    17 |       ||    25
       Skin              |     7 |       |       ||     7
Dodge: Dodged            |    18 |    53 |     3 ||    74
       Rpst.: Falchion   |       |    12 |     1 ||    13
